 Dungeon Crawl Stone Soup version 0.29.1-12-g30fa7ad0bf (webtiles) character file.

Game seed: 10059905358409009128

6311 fantasyman the Protected (level 11, -2/92 HPs)
             Began as a Formicid Fighter on Jan 7, 2023.
             Was a Priest of Okawaru.
             Slain by a yak (13 damage)
             ... on level 8 of the Dungeon.
             The game lasted 00:15:40 (11316 turns).

fantasyman the Protected (Formicid Fighter)        Turns: 11316, Time: 00:15:41

Health: -2/92      AC: 15    Str: 24    XL:     11   Next: 16%
Magic:  14/14      EV: 16    Int:  9    God:    Okawaru [***...]
Gold:   419        SH:  6    Dex: 13    Spells: 10/10 levels left

rFire   + . .      SeeInvis +   I - +0 great mace
rCold   . . .      Faith    .   c - +0 buckler
rNeg    . . .      Spirit   .   B - +0 chain mail
rPois   .          Reflect  .   (helmet unavailable)
rElec   .          Harm     .   s - +1 cloak
rCorr   .          Rampage  .   H - +0 pair of gloves
Will    +....      Clarity  +   (no boots)
Stlth   ..........              (no amulet)
HPRegen 0.00/turn               h - +4 ring of evasion
MPRegen 0.14/turn               v - +4 ring of evasion

@: inhibited regen
A: permanent stasis, dig shafts and tunnels, antennae 3, four strong arms,
clarity, fire resistance 1, inhibited regeneration
a: Dig, Shaft Self, Renounce Religion, Heroism


You were on level 8 of the Dungeon.
You worshipped Okawaru.
Okawaru was most pleased with you.
You visited 2 branches of the dungeon, and saw 9 of its levels.
You also visited: Sewer and Ossuary.

You collected 419 gold pieces.

Inventory:

Hand Weapons
 a - a +1 vorpal war axe
 C - a +3 hand axe of freezing
 I - a +0 great mace (weapon)
Missiles
 J - 2 throwing nets
Armour
 c - a +0 buckler (worn)
 s - a +1 cloak (worn)
 B - a +0 chain mail (worn)
 H - a +0 pair of gloves (worn)
Jewellery
 h - a +4 ring of evasion (left hand)
 i - an amulet of guardian spirit
 v - a +4 ring of evasion (right hand)
Wands
 e - a wand of flame (46)
 r - a wand of digging (7)
 y - a wand of light (4)
Scrolls
 g - 3 scrolls of noise
 j - 4 scrolls of amnesia
 l - a scroll of identify
 t - 5 scrolls of teleportation
 x - 2 scrolls of enchant weapon
 A - a scroll of fear
 G - a scroll of silence
Potions
 b - a potion of cancellation
 d - 3 potions of might
 f - 2 potions of attraction
 k - 2 potions of haste
 m - 8 potions of curing
 n - a potion of berserk rage
 o - 3 potions of mutation
 p - 4 potions of invisibility
 q - 4 potions of heal wounds
 u - a potion of resistance
 w - a potion of ambrosia
 z - 6 potions of flight
 D - a potion of brilliance {unknown}
 E - 2 potions of magic {unknown}
 F - a potion of degeneration {unknown}


   Skills:
 * Level 10.6 Fighting
 - Level 5.0 Axes
 * Level 10.8 Armour
 * Level 10.5 Shields
 * Level 4.3 Invocations


You had 10 spell levels left.
You didn't know any spells.
Your spell library contained the following spells:

 Spells                   Type           Power      Damage    Failure   Level
 Beastly Appendage        Tmut           0%         N/A       94%         1
 Sandblast                Erth           0%         2d4       94%         1
 Passwall                 Tmut/Erth      0%         N/A       98%         2
 Wereblood                Tmut           0%         N/A       98%         2
 Confusing Touch          Hex            0%         N/A       100%        3
 Spider Form              Tmut/Pois      0%         N/A       100%        3
 Stone Arrow              Conj/Erth      0%         3d7       100%        3
 Yara's Violent Unravell  Hex/Tmut       0%         3d3       100%        5
 Enfeeble                 Hex            0%         N/A       100%        7


Dungeon Overview and Level Annotations

Branches:
Dungeon (8/15)             Temple (1/1) D:5           Sewer (visited)
Ossuary (visited)
   Lair: D:8-11

Altars:
Ashenzari
Makhleb
Nemelex Xobeh
Okawaru
Qazlal
Ru
Trog
Wu Jian
Yredelemnul

Shops:
D:5 *   D:7 [

Annotations:
D:7 1 runed translucent door


Innate Abilities, Weirdness & Mutations

You cannot be hasted, slowed, berserked, paralysed or teleported.
You can dig through walls and to a lower floor.
You have a pair of large antennae on your head. (SInv)
Your four strong arms can wield two-handed weapons with a shield.
You possess an exceptional clarity of mind.
Your flesh is heat resistant. (rF+)
You do not regenerate when monsters are visible.


Message History

Okawaru accepts your kill.
You hear a shout!
The yak misses you.
Your life force feels restored.
You closely miss the yak. You block the yak's attack.
You completely miss the yak. You block the yak's attack.
You sock the yak!
The yak is heavily wounded.
You block the yak's attack.
You hit the yak.
The yak is heavily wounded.
The yak closely misses you.
An orc priest comes into view. It is wielding a +0 falchion.
You block the yak's attack.
The orc priest moves out of view.
You sock the yak!
The yak is severely wounded.
The yak misses you.
You thump the yak!
You kill the yak!
Okawaru accepts your kill.
You hit the orc wizard.
The orc wizard is moderately wounded.
The orc wizard hits you with a +0 dagger.
* * * LOW HITPOINT WARNING * * *
You block the orc wizard's attack.
You miss the orc wizard.
The orc wizard is moderately wounded.
The orc priest shouts!
You hear a shout! x2
You block the orc wizard's attack.
You hit the orc wizard.
The orc wizard is heavily wounded.
You block the orc wizard's attack.
You bludgeon the orc wizard!!
You kill the orc wizard!
Okawaru accepts your kill.
You feel like a meek peon again. The yak gores you.
* * * LOW HITPOINT WARNING * * *
You hit the yak but do no damage. The yak gores you!
You die...

## #.## . ..#.# ..#. ...
#.# #
#################.#.#
#...)......@YoooDo#o#####
#.###############.ooo....
#.# #{.[..... #.#
#...###### #.# #.###Y#
#.# ..# #.# #.### ###.#
#Y# ##...## #... .#
#.....# #.# #


You could see a yak, a steam dragon, an orc priest and 4 orcs.

Vanquished Creatures
  A slime creature (D:6)
  A spriggan (D:8)
  3 yaks (D:8)
  A steam dragon (D:8)
  4 vampire mosquitoes (D:8)
  2 water moccasins
  3 black bears
  An ice beast (D:5)
  Duvessa (D:7)
  An orc warrior (D:7)
  A sky beast (D:7)
  A hornet zombie (Ossuary)
  4 ogres
  A centaur (D:6)
  2 phantoms
  A kobold brigand (D:8)
  2 bullfrogs (Sewer)
  2 elf zombies (D:6)
  An elf skeleton (D:6)
  5 necrophages
  4 scorpions
  A water moccasin zombie (Ossuary)
  7 wights
  Dowan (D:7)
  2 howler monkeys (D:7)
  7 bullfrog zombies (Ossuary)
  2 centaur zombies
  7 jellies
  2 hounds
  A human zombie (D:4)
  4 orc priests
  Crazy Yiuf (D:2)
  A gnoll bouda (D:4)
  A centaur skeleton (D:4)
  3 human skeletons (D:6)
  4 iguanas
  5 orc wizards
  A scorpion zombie (D:4)
  2 killer bee zombies (Ossuary)
  3 hound zombies (D:4)
  15 mummies
  6 howler monkey zombies
  13 adders
  6 gnolls
  2 river rats (Sewer)
  2 white imps (D:7)
  4 adder zombies (D:4)
  3 adder skeletons (D:4)
  2 worms
  2 dart slugs
  14 orcs
  16 ball pythons
  3 bats
  28 endoplasms
  4 giant cockroaches
  9 hobgoblins
  12 quokkas
  3 frilled lizards
  5 goblins
  13 kobolds
  41 rats
300 creatures vanquished.

Vanquished Creatures (others)
  An orc (D:5)
  2 fungi (D:6)
  4 plants (D:5)
  8 withered plants
15 creatures vanquished.

Grand Total: 315 creatures vanquished

Notes
Turn   | Place    | Note
-------+----------+-------------------------------------------
     0 | D:1      | fantasyman the Formicid Fighter began the quest for the
                  | Orb.
     0 | D:1      | Reached XP level 1. HP: 18/18 MP: 1/1
   372 | D:1      | Found a faded altar of an unknown god.
   428 | D:1      | Reached XP level 2. HP: 24/24 MP: 2/2
   746 | D:1      | Reached XP level 3. HP: 21/29 MP: 3/3
  1485 | D:2      | Reached XP level 4. HP: 37/37 MP: 4/4
  1874 | D:2      | Found a runed translucent door.
  1875 | D:2      | Noticed Crazy Yiuf
  2102 | D:2      | Killed Crazy Yiuf
  2103 | D:2      | Reached XP level 5. HP: 21/42 MP: 5/5
  2773 | D:3      | Found a glowing drain.
  2797 | Sewer    | Entered a sewer
  2876 | Sewer    | Reached skill level 5 in Shields
  2991 | Sewer    | Reached XP level 6. HP: 43/48 MP: 6/6
  3692 | D:3      | Reached skill level 5 in Axes
  3692 | D:3      | Reached XP level 7. HP: 54/54 MP: 7/7
  4087 | D:4      | Reached skill level 5 in Armour
  4357 | D:4      | Reached skill level 5 in Fighting
  4968 | D:4      | Reached XP level 8. HP: 56/62 MP: 8/8
  5087 | D:4      | Found a broken altar of Ashenzari.
  5276 | D:4      | Found a basalt altar of Yredelemnul.
  5959 | D:5      | Entered Level 5 of the Dungeon
  6381 | D:5      | Reached XP level 9. HP: 40/71 MP: 9/9
  7162 | D:5      | Found a sparkling altar of Nemelex Xobeh.
  7163 | D:5      | Found an ornate altar of the Wu Jian Council.
  7279 | D:5      | Found Anapp's Gadget Gallery.
  7325 | D:5      | Found a staircase to the Ecumenical Temple.
  7337 | Temple   | Entered the Ecumenical Temple
  7365 | Temple   | Became a worshipper of Warmaster Okawaru
  7445 | D:5      | Found a burning altar of Makhleb.
  7836 | D:6      | Reached skill level 1 in Invocations
  7849 | D:6      | Found a sand-covered staircase.
  7872 | Ossuary  | Entered an ossuary
  7925 | Ossuary  | Reached * piety under Okawaru
  7955 | Ossuary  | Reached XP level 10. HP: 41/82 MP: 11/11
  8494 | Ossuary  | Gained mutation: You possess an exceptional clarity of
                  | mind. [potion of mutation]
  8494 | Ossuary  | Gained mutation: You do not regenerate when monsters are
                  | visible. [potion of mutation]
  8494 | Ossuary  | Gained mutation: Your flesh is heat resistant. (rF+)
                  | [potion of mutation]
  9709 | D:7      | Noticed Duvessa
  9709 | D:7      | Noticed Dowan
  9714 | D:7      | Killed Dowan
  9723 | D:7      | Killed Duvessa
  9795 | D:7      | Reached ** piety under Okawaru
 10082 | D:7      | Reached skill level 10 in Armour
 10090 | D:7      | Reached skill level 10 in Fighting
 10311 | D:7      | Found Qeitzit's Armour Boutique.
 10350 | D:7      | Noticed a sixfirhy
 10351 | D:7      | Found a runed translucent door.
 10973 | D:8      | Reached skill level 10 in Shields
 11044 | D:8      | Reached XP level 11. HP: 90/92 MP: 14/14
 11131 | D:8      | Reached *** piety under Okawaru
 11316 | D:8      | Slain by a yak

Illustrated notes

Levels and vault maps discovered:
D:1:      dpeg_arrival_orchard, layout_basic,
          hellmonk_ecumenical_altar_heavens_door
D:2:      layout_basic, minmay_pentomino_o2, uniq_crazy_yiuf_cottage
D:3:      minmay_evil_eye, layout_rooms, gup_sewer_entry_pipe,
          nicolae_concentric_dashed_squares_wild
D:4:      layout_basic, nicolae_ashenzari_skybound,
          lemuel_mausoleum_altar_yredelemnul, serial_undead, serial_undead_e,
          serial_undead_f, serial_undead_d, serial_undead_a, serial_undead_a,
          serial_undead_e
D:5:      layout_cave_pools, marbit_many_paths,
          chequers_temple_overflow_statue_of_worship,
          minmay_temple_entry_overgrown, nicolae_shop_gadgets
D:6:      lemuel_slime, layout_cave_pools, nicolae_ossuary_entry_catacombs
D:7:      cheibrodos_shockbox, layout_loops_ring, serial_shops,
          kennysheep_little_box, uniq_duvessa
D:8:      layout_loops_ring, minmay_crystal_water, the_hattery
Temple:   bh_familiar_temple

Skill      XL: |  1  2  3  4  5  6  7  8  9 10 |
---------------+-------------------------------+-----
Axes           | 3 4 5 |  5.0
Armour         | 4 5 7 9 10 | 10.8
Fighting       | 4 5 6 8 10 | 10.6
Shields        | 5 6 7 8 10 | 10.5
Invocations    | 2 4 |  4.3

Action                   |  1- 3 |  4- 6 |  7- 9 | 10-12 || total
-------------------------+-------+-------+-------+-------++-------
Melee: War axe           |    93 |   175 |   391 |   322 ||   981
       Glaive            |       |       |    15 |       ||    15
       Great mace        |       |       |       |    84 ||    84
Invok: Heroism           |       |       |       |     3 ||     3
 Abil: Dig               |     2 |     2 |       |       ||     4
  Use: Scroll            |       |     7 |     8 |     8 ||    23
       Potion            |       |     2 |     3 |     2 ||     7
 Stab: Invisible         |       |       |     4 |       ||     4
Armor: Scale mail        |    29 |    74 |    99 |       ||   202
       Skin              |       |     8 |       |       ||     8
       Chain mail        |       |       |    30 |   109 ||   139
Dodge: Dodged            |    47 |   133 |   307 |   256 ||   743
Block: Buckler           |    25 |    67 |   115 |   136 ||   343
